Unix NetHack Version 5.0.0-0 post-release - last build Jun 10 2026 00:39:30 (3ee93aec679c4c4259841fe613dc97188e26a321,branch:main).

Game began 2026-07-04 02:12:36, ended 2026-07-04 02:28:10.

Kwijibo4686, neutral female human Valkyrie

                  <.|
                  .)
                  )
                 .
                .
         .---- .
         -..)..
         |.---
         |.|
         -@|
        -aa|
        ..--
      ....
      |..|
      ---
Kwijibo4686 the Fighter     St:18 Dx:11 Co:17 In:10 Wi:10 Ch:9  Neutral
Dlvl:6  $:109 HP:0(58) Pw:17(17) AC:-2 Xp:6 T:2625  Deaf

Latest messages:
 The fire ant misses!
 The fire ant misses!
 The fire ant misses!
 The fire ant bites!
 You avoid harm.
 You kill the fire ant!
 E - a purple-red potion.
 There is a fire ant corpse here; eat it? [ynq] (n) y
 Blecch!  Rotten food!
 The world spins and goes dark.
 The fire ant bites!
 The fire ant bites again!
 You avoid harm.
 The fire ant bites!
 The fire ant misses!
 The fire ant just misses!
 The fire ant bites!
 You avoid harm.
 The fire ant misses!
 The fire ant bites!
 You avoid harm.
 The fire ant bites!
 The fire ant just misses!
 The fire ant bites!
 The fire ant bites again!
 You're on fire!
 The fire ant misses!
 The fire ant just misses!
 The fire ant bites!
 The fire ant bites again!
 You're on fire!
 The fire ant misses!
 The fire ant bites!
 You're on fire!
 Your oil lamp catches light!
 Your candle catches light!
 The fire ant bites!
 The fire ant misses!
 The fire ant misses!
 The fire ant bites!
 You avoid harm.
 The fire ant bites!
 The fire ant bites again!
 You're on fire!
 The fire ant bites!
 The fire ant bites again!
 You're on fire!
 The fire ant bites!
 You die...
 Do you want your possessions identified? [ynq] (y) q

Inventory:
 Coins    ('$')
  $ - 109 gold pieces
 Weapons  (')')
  b - a +0 dagger (alternate weapon; not wielded)
  a - a +1 spear (weapon in right hand)
 Armor    ('[')
  A - an uncursed +0 dwarvish iron helm
  l - an uncursed +0 orcish helm (being worn)
  n - a cursed -3 pair of fumble boots
  t - an uncursed +0 pair of iron shoes (being worn)
  c - an uncursed +3 small shield (being worn)
  s - an uncursed +0 elven mithril-coat (being worn)
 Comestibles  ('%')
  p - an uncursed cream pie
  d - 2 uncursed food rations
  q - an uncursed lembas wafer
 Scrolls  ('?')
  w - a cursed scroll of blank paper
  h - an uncursed scroll of enchant armor
  v - a cursed scroll of enchant weapon
  f - an uncursed scroll of identify
 Spellbooks  ('+')
  r - an uncursed spellbook of confuse monster
  g - an uncursed spellbook of slow monster
 Potions  ('!')
  z - an uncursed potion of extra healing
  D - an uncursed potion of extra healing
  j - an uncursed potion of fruit juice
  i - an uncursed potion of healing
  E - a blessed potion of invisibility
  o - an uncursed potion of sleeping
 Rings    ('=')
  B - a cursed ring of teleport control
 Tools    ('(')
  x - an uncursed blindfold
  y - an uncursed magic whistle
  e - an uncursed oil lamp (lit)
  u - a greased +0 pick-axe
  C - an uncursed partly used wax candle (lit)

Kwijibo4686 the Valkyrie's attributes:

Background:
 You were a Fighter, a level 6 human Valkyrie.
 You were neutral, on a mission for Odin
 who was opposed by Tyr (lawful) and Loki (chaotic).
 You were right-handed.
 You were in the Gnomish Mines, on level 6.
 You entered the dungeon 2625 turns ago.
 It was nighttime.
 You had 549 experience points, 91 more were needed to attain level 7.

Basics:
 You had 0 out of 58 hit points.
 You had all 17 energy points (spell power).
 Your armor class was -2.
 Your wallet contained 109 zorkmids.
 Autopickup was on for '$?!/="' plus thrown.

Final Characteristics:
 Your strength was 18 (limit:18/100).
 Your dexterity was 11 (limit:18).
 Your constitution was 17 (limit:18).
 Your intelligence was 10 (limit:18).
 Your wisdom was 10 (limit:18).
 Your charisma was 9 (limit:18).

Final Status:
 You were deaf.
 You weren't hungry.
 You were unencumbered.
 You were wielding a spear.
 You were skilled in spear.

Final Attributes:
 You were piously aligned.
 You were cold resistant.
 You were telepathic.
 You were stealthy.
 You were guarded.
 You are dead.

Miscellaneous:
 You didn't encounter any bones levels.
 Total elapsed playing time was 15 minutes and 33 seconds.

Major events:
 Turn
    1: Kwijibo4686 the neutral human Valkyrie entered the dungeon
  630: attained the rank of Skirmisher (level 3)
 1085: entered the Gnomish Mines
 1999: attained the rank of Fighter (level 6)
 2625: killed by a fire ant, while unconscious from rotten food

You didn't know any spells.

Skills:
 Fighting Skills
   bare handed combat [Unskilled]
   two weapon combat  [Unskilled]
   riding             [Unskilled]
 Weapon Skills
   dagger             [Basic]
   axe                [Unskilled]
   pick-axe           [Unskilled]
   short sword        [Unskilled]
   broadsword         [Unskilled]
   long sword         [Unskilled]
   two-handed sword   [Unskilled]
   saber              [Unskilled]
   hammer             [Unskilled]
   quarterstaff       [Unskilled]
   polearms           [Unskilled]
   spear              [Skilled]
   trident            [Unskilled]
   lance              [Unskilled]
   sling              [Unskilled]
 Spellcasting Skills
   attack spells      [Unskilled]
   escape spells      [Unskilled]

Voluntary challenges:
 Character rerolling was not enabled.
 You were illiterate.
 You never genocided any monsters.
 You never polymorphed an object.
 You never changed form.
 You used no wishes.
Achievements:
 You entered a shop.
 You attained the rank of Skirmisher.
 You entered the Gnomish Mines.
 You attained the rank of Fighter.

 The Dungeons of Doom: levels 1 to 4
    Level 1:
       Many altars, many fountains.
    Level 2:
       A potion shop, a fountain.
    Level 3:
       A fountain.
       Stairs down to The Gnomish Mines.
    Level 4:
 The Gnomish Mines: levels 4 to 6
    Level 4:
    Level 5:
    Level 6: <- You were here.
       Final resting place for
          you, killed by a fire ant, while unconscious from rotten food.


Vanquished creatures:
  2 fire ants
  a rock mole
  a yellow light
  3 gnome leaders
  a gnomish wizard
  3 elf zombies
  a ghoul
  a paper golem
  a giant ant
  2 floating eyes
  2 kittens
  4 dwarves
  2 homunculi
  2 hill orcs
  a giant bat
  3 dwarf zombies
  3 iguanas
  a coyote
  4 hobbits
  a hobgoblin
  a giant rat
  a yellow mold
  2 red molds
 21 gnomes
  a garter snake
  a gnome zombie
  a gecko
  6 jackals
  2 kobolds
  3 goblins
  2 sewer rats
  6 grid bugs
  a lichen
  3 newts
90 creatures vanquished.

No species were genocided or became extinct.

Game over:
                       ----------
                      /          \
                     /    REST    \
                    /      IN      \
                   /     PEACE      \
                  /                  \
                  |   Kwijibo4686    |
                  |      109 Au      |
                  | killed by a fire |
                  |       ant        |
                  |                  |
                  |                  |
                  |       2026       |
                 *|     *  *  *      | *
        _________)/\\_//(\/(/\)/\//\/|_)_______

Farvel Kwijibo4686 the Valkyrie...

You died in The Gnomish Mines on dungeon level 6 with 2545 points,
and 109 pieces of gold, after 2625 moves.
You were level 6 with a maximum of 58 hit points when you died.

